 Dungeon Crawl Stone Soup version 0.26.1-15-g04117e645d (webtiles) character file.

Game seed: 17361844406095592957

697 Froggeryz the Cutter (level 7, -5/46 HPs)
             Began as an Octopode Berserker on May 6, 2022.
             Was a Priest of Trog.
             Killed by divine providence
             ... invoked by an orc priest
              (15 damage)
             ... on level 4 of the Dungeon.
             The game lasted 00:03:17 (3411 turns).

Froggeryz the Cutter (Octopode Berserker)           Turns: 3411, Time: 00:03:17

Health: -5/46      AC:  1    Str: 16    XL:     7   Next: 65%
Magic:  7/7        EV: 14    Int:  9    God:    Trog [***...]
Gold:   235        SH:  0    Dex: 14    Spells: 6/6 levels left

rFire    . . .     SeeInvis .   h - +4 dagger
rCold    . . .     Faith    .   (no shield)
rNeg     . . .     Spirit   .   (helmet restricted)
rPois    .         Reflect  .   (no amulet)
rElec    .         Harm     .   j - ring of stealth
rCorr    .         Rampage  .   (no ring)
Will     .....                  (no ring)
Stlth    +++++.....             (no ring)
HPRegen  0.15/turn              (no ring)
MPRegen  0.10/turn              (no ring)
                                (no ring)
                                (no ring)

@: berserk cooldown, slowed, very slow
A: almost no armour, stealthy swim, amphibious, 8 rings, constrict 8, camouflage
1, gelatinous body 1
a: Renounce Religion, Berserk, Trog's Hand


You were on level 4 of the Dungeon.
You worshipped Trog.
Trog was most pleased with you.
You visited 1 branch of the dungeon, and saw 4 of its levels.
You also visited: Sewer.

You collected 235 gold pieces.

Inventory:

Hand Weapons
 h - a +4 dagger (weapon)
Missiles
 a - 8 javelins
 d - 11 poisoned darts (quivered)
 n - 12 curare-tipped darts
 r - 5 boomerangs
Jewellery
 j - a ring of stealth (left tentacle)
 o - a +6 ring of intelligence
Scrolls
 f - 3 scrolls of identify
 q - 3 scrolls of remove curse
 s - a scroll of blinking {unknown}
Potions
 b - a potion of mutation {unknown}
 c - 2 potions of resistance {unknown}
 e - a potion of heal wounds {unknown}
 g - a potion of lignification {unknown}
 i - 4 potions of curing {unknown}
 k - 2 potions of flight {unknown}
 l - a potion of invisibility {unknown}
 m - 3 potions of brilliance {unknown}
 p - a potion of magic {unknown}


   Skills:
 - Level 3.0 Fighting
 * Level 7.3 Short Blades
 - Level 3.0 Dodging
 + Level 6.4 Stealth


You had 6 spell levels left.
You didn't know any spells.
Your spell library was empty.

Dungeon Overview and Level Annotations

Branches:
Dungeon (4/15)              Sewer (visited)
 Temple: D:4-7

Altars:
Elyvilon
Qazlal


Innate Abilities, Weirdness & Mutations

You cannot wear most types of armour.
You are very stealthy in the water. (Stealth+)
You are amphibious.
You can wear up to eight rings at the same time.
You can use your tentacles to constrict eight enemies at once.
Your skin changes colour to match your surroundings (Stealth+).
Your rubbery body absorbs attacks. (AC +1, EV +1)


Message History

You kill the gnoll!
Trog accepts your kill.
You puncture the jackal!
You kill the jackal!
Trog accepts your kill.
You see here a jackal corpse.
You puncture the jackal!
You kill the jackal!
Trog accepts your kill.
An orc priest comes into view.
You are no longer berserk.
You are exhausted.
You feel yourself slow down.
The orc priest shouts!
The jackal bites you.
* * * LOW HITPOINT WARNING * * *
An orc comes into view.
The orc priest calls down the wrath of Beogh upon you.
Beogh smites you!
You die...

..... #.....
#..#.#
..#####..#.#
.......<.#.#
..#####.)#.#
#))#.#
#)†#.######
#..@h......
#......#......$
...##..#.......
#..
....#......$ ..
.###.#....... #
# #.#.......
..#....... ##
..oo...


You could see an orc priest, an orc (wandering) and a jackal.

Vanquished Creatures
  Grinder (D:3)
  3 big kobolds
  An orc wizard (D:3)
  Natasha (thrice) (D:2)
  A worker ant (D:4)
  4 gnolls (D:4)
  3 adders
  An adder zombie (D:3)
  4 worms
  2 leopard geckos
  10 orcs (D:3)
  6 bats
  3 giant cockroaches
  9 goblins
  6 hobgoblins
  6 jackals
  13 kobolds
  7 frilled lizards
  11 rats
94 creatures vanquished.

Notes
Turn   | Place    | Note
-------+----------+-------------------------------------------
     0 | D:1      | Froggeryz the Octopode Berserker began the quest for the
                  | Orb.
     0 | D:1      | Reached XP level 1. HP: 16/16 MP: 1/1
   100 | D:1      | Reached skill level 1 in Stealth
   150 | D:1      | Reached XP level 2. HP: 19/21 MP: 2/2
   726 | D:2      | Found a stormy altar of Qazlal.
   884 | D:2      | Noticed Natasha
   891 | D:2      | Killed Natasha
   892 | D:2      | Reached skill level 4 in Short Blades
   892 | D:2      | Reached XP level 3. HP: 26/26 MP: 3/3
  1204 | D:2      | Reached XP level 4. HP: 27/31 MP: 4/4
  1230 | D:2      | Noticed Natasha
  1237 | D:2      | Killed Natasha
  1733 | D:2      | Noticed Natasha
  1743 | D:2      | Killed Natasha
  1744 | D:2      | Reached XP level 5. HP: 35/36 MP: 5/5
  1884 | D:3      | Noticed Grinder
  1895 | D:3      | Killed Grinder
  1896 | D:3      | Reached skill level 5 in Short Blades
  1896 | D:3      | Reached XP level 6. HP: 42/42 MP: 6/6
  1897 | D:3      | Reached skill level 6 in Short Blades
  2064 | D:3      | Reached skill level 5 in Stealth
  2182 | D:3      | Reached ** piety under Trog
  2309 | D:3      | Found a glowing drain.
  2313 | Sewer    | Entered a sewer
  2393 | Sewer    | Reached XP level 7. HP: 45/46 MP: 7/7
  2414 | Sewer    | Found a white marble altar of Elyvilon.
  2774 | D:3      | Found a white marble altar of Elyvilon.
  3010 | D:3      | Reached skill level 7 in Short Blades
  3393 | D:4      | Reached *** piety under Trog
  3411 | D:4      | Killed from afar by an orc priest

Illustrated notes

Levels and vault maps discovered:
D:1:      heliophobic_arrival_enchanted_forest, layout_loops_cross
D:2:      layout_basic, grunt_qazlal_sundering, uniq_natasha
D:3:      cheibrodos_thug_alley, layout_basic, elyvilon_altar_5,
          gup_sewer_entry_bowl, uniq_grinder
D:4:      layout_basic, lemuel_round_altar,
          minmay_temple_entry_drinking_statues, serial_shops,
          nicolae_shop_competitors_out_of_business, enter_ossuary_4,
          minmay_misc_feat_x

Skill      XL: |  1  2  3  4  5  6  7 |
---------------+----------------------+-----
Stealth        | 1 2 3 4 5 6 |  6.4
Short Blades   | 4 5 6 7 |  7.3
Fighting       | |  3.0
Dodging        | |  3.0

Action                   |  1- 3 |  4- 6 |  7- 9 || total
-------------------------+-------+-------+-------++-------
Melee: Short sword       |    20 |       |       ||    20
       Tentacles         |     7 |    17 |    18 ||    42
       Constrict         |     8 |    19 |    22 ||    49
       Dagger            |    18 |    78 |    63 ||   159
Invok: Berserk           |       |     1 |     1 ||     2
  Use: Scroll            |       |     5 |       ||     5
 Stab: Sleeping          |     9 |     7 |     1 ||    17
       Distracted        |       |     1 |       ||     1
Armor: Skin              |     5 |     1 |       ||     6
Dodge: Dodged            |    14 |    33 |    24 ||    71
